 Dungeon Crawl Stone Soup version 0.31-a0-435-g2c6fae2916 (webtiles) character file.

Game seed: 13961781171251212730

683 Maxmaps the Shooter (level 7, -2/50 HPs)
             Began as an Octopode Hunter on Aug 1, 2023.
             Slain by a scorpion (6 damage)
             ... on level 5 of the Dungeon.
             The game lasted 00:03:18 (3892 turns).

Maxmaps the Shooter (Octopode Hunter)               Turns: 3892, Time: 00:03:19

Health: -2/50      AC:  5    Str: 10 (11) XL:     7   Next: 61%
Magic:  7/7        EV: 13    Int: 10 (13) God:
Gold:   358        SH:  0    Dex: 12 (15) Spells: 6/6 levels left

rFire   . . .        a - +0 shortbow
rCold   . . .        (shield currently unavailable)
rNeg    . . .        (helmet restricted)
rPois   .            (no amulet)
rElec   .            d - +4 ring of protection
rCorr   .            (no ring)
SInv    .            (no ring)
Will    .....        (no ring)
Stlth   ++++         (no ring)
HPRegen 0.28/turn    (no ring)
MPRegen 0.10/turn    (no ring)
                     (no ring)

%: no passive effects
@: hasted, very quick
A: almost no armour, amphibious, 8 rings, camouflage 1, gelatinous body 1,
(nimble swimmer 1), tentacles
a: no special abilities


You were on level 5 of the Dungeon.
You visited 1 branch of the dungeon, and saw 5 of its levels.

You collected 358 gold pieces.

Inventory:

Hand Weapons
 a - a +0 shortbow (weapon)
Jewellery
 d - a +4 ring of protection (left tentacle)
Wands
 g - a wand of iceblast (3)
Scrolls
 b - a scroll of butterflies
 e - 6 scrolls of identify {unknown}
 f - a scroll of blinking {unknown}
 h - 4 scrolls of fear {unknown}
 j - a scroll of fog {unknown}
 l - 2 scrolls of enchant weapon {unknown}
 n - a scroll of teleportation {unknown}
 o - 3 scrolls of enchant armour {unknown}
 p - a scroll of noise {unknown}
 q - a scroll of torment {unknown}
 r - a scroll of amnesia {unknown}
Potions
 c - a potion of degeneration


   Skills:
 - Level 5.0 Fighting
 + Level 6.4 Ranged Weapons
 - Level 2.0 Dodging
 - Level 6.0 Stealth


You had 6 spell levels left.
You didn't know any spells.
Your spell library contained the following spells:

 Spells                   Type           Power      Damage    Failure   Level
 Freeze                   Ice            0%         1d3       36%         1
 Magic Dart               Conj           0%         1d3       36%         1
 Necrotise                Necr           0%         1d4       36%         1
 Slow                     Hex            0%         N/A       36%         1
 Call Imp                 Summ           0%         N/A       50%         2
 Lesser Beckoning         Tloc           0%         N/A       50%         2
 Static Discharge         Conj/Air       0%         2-2/arc   50%         2
 Sublimation of Blood     Necr           0%         N/A       50%         2
 Wereblood                Tmut           0%         N/A       50%         2
 Confusing Touch          Hex            0%         N/A       75%         3
 Frozen Ramparts          Ice            0%         1d1       75%         3
 Gell's Gravitas          Tloc           0%         N/A       75%         3
 Hailstorm                Conj/Ice       0%         3d3       75%         3
 Mephitic Cloud           Conj/Pois/Air  0%         N/A       75%         3
 Summon Guardian Golem    Hex/Summ       0%         N/A       75%         3
 Teleport Other           Tloc           0%         N/A       75%         3
 Vampiric Draining        Necr           0%         2d6       75%         3
 Airstrike                Air            0%         2d(0-16)  98%         4
 Summon Lightning Spire   Summ/Air       0%         N/A       98%         4
 Agony                    Necr           0%         N/A       100%        5
 Lee's Rapid Deconstruct  Erth           0%         3d4*      100%        5
 Orb of Destruction       Conj           0%         9d5       100%        7
 Spellforged Servitor     Conj/Summ      0%         N/A       100%        7
 Summon Hydra             Summ           0%         N/A       100%        7
 Animate Armour           Summ/Erth      Unusable   N/A       N/A         4

Dungeon Overview and Level Annotations

Branches:
Dungeon (5/15)
 Temple: D:4-7

Altars:


Innate Abilities, Weirdness & Mutations

You cannot wear most types of armour.
You are amphibious.
You can wear up to eight rings at the same time.
Your skin changes colour to match your surroundings (Stealth+).
Your rubbery body absorbs attacks. (AC +1, EV +1)
((You are camouflaged when in or above water. (Stealth+)))
You have tentacles for arms and can constrict up to eight enemies at once.


Message History

You kill the gnoll!
Fire: a) +0 shortbow
Press: ? - help, Shift-Dir - straight line, f - scorpion
Aim: a scorpion (63% to hit)
You shoot an arrow.
The arrow hits the scorpion but does no damage.
Fire: a) +0 shortbow
Press: ? - help, Shift-Dir - straight line, f/p - scorpion
Aim: a scorpion (63% to hit)
You shoot an arrow. The arrow hits the scorpion.
The scorpion is lightly wounded.
The scorpion barely misses you. x2
Fire: a) +0 shortbow
Press: ? - help, Shift-Dir - straight line, f/p - scorpion
Aim: a scorpion (lightly wounded, 63% to hit)
You shoot an arrow.
The arrow hits the scorpion but does no damage.
The scorpion is lightly wounded.
The gnoll hits you from afar with a +0 spear.
* * * LOW HITPOINT WARNING * * *
The scorpion closely misses you. The gnoll hits you but does no damage.
Fire: a) +0 shortbow
Press: ? - help, Shift-Dir - straight line, f/p - scorpion
Aim: a scorpion (lightly wounded, 63% to hit)
You shoot an arrow. The arrow hits the scorpion.
The scorpion is moderately wounded.
The scorpion stings you.
* * * LOW HITPOINT WARNING * * *
The gnoll hits you from afar with a +0 spear.
* * * LOW HITPOINT WARNING * * *
Fire: a) +0 shortbow
Press: ? - help, Shift-Dir - straight line, f/p - scorpion
Aim: a scorpion (moderately wounded, 63% to hit)
You shoot an arrow. The arrow closely misses the scorpion.
The scorpion closely misses you.
An adder comes into view.
The gnoll barely misses you. The scorpion attacks as you move away!
The scorpion barely misses you. x2
It was a potion of haste.
You feel yourself speed up. The scorpion stings you.
You die...

.......#... .###
.......#... ... ###
.....#..##.##....
#.......<.......
######.##..........
#.....(............
#.####.###.........
#.s..# #.........
#)#@.# #.........
#g#.....#........
#.####++###......
.. ###.. .. ..S ...


You could see a scorpion.

Vanquished Creatures
  Menkaure (D:5)
  A black bear (D:4)
  3 scorpions (D:4)
  An orc priest (D:4)
  Jessica (D:2)
  An iguana (D:4)
  An orc wizard (D:4)
  6 gnolls
  6 adders
  A worm (D:4)
  A dart slug (D:4)
  3 orcs
  9 endoplasms
  A giant cockroach (D:2)
  6 goblins
  5 hobgoblins
  3 jackals (D:4)
  8 kobolds
  5 quokkas
  4 ball pythons
  8 bats
  5 frilled lizards
  4 rats
84 creatures vanquished.

Notes
Turn   | Place    | Note
-------+----------+-------------------------------------------
     0 | D:1      | Maxmaps the Octopode Hunter began the quest for the Orb.
     0 | D:1      | Reached XP level 1. HP: 14/14 MP: 1/1
   113 | D:1      | Reached XP level 2. HP: 20/20 MP: 2/2
   898 | D:2      | Reached XP level 3. HP: 26/26 MP: 3/3
  1127 | D:2      | Noticed Jessica
  1131 | D:2      | Killed Jessica
  1132 | D:2      | Reached XP level 4. HP: 23/34 MP: 4/4
  1524 | D:2      | Identified the +0 sling of the Dragonfly {freeze, rF+ rCorr
                  | Int-5 Stlth+}
  1986 | D:3      | Reached skill level 5 in Fighting
  1986 | D:3      | Reached XP level 5. HP: 24/39 MP: 5/5
  2440 | D:4      | HP: 1/39 [poisoned by a scorpion]
  2615 | D:4      | Noticed a black bear
  2625 | D:4      | Killed a black bear
  2626 | D:4      | Reached skill level 5 in Stealth
  2626 | D:4      | Reached XP level 6. HP: 17/45 MP: 6/6
  3530 | D:4      | Reached skill level 5 in Ranged Weapons
  3530 | D:4      | Reached XP level 7. HP: 12/50 MP: 7/7
  3734 | D:5      | Entered Level 5 of the Dungeon
  3796 | D:5      | Noticed Menkaure
  3818 | D:5      | Killed Menkaure
  3892 | D:5      | Slain by a scorpion

Illustrated notes

Levels and vault maps discovered:
D:1:      minmay_arrival_four_circles, layout_loops_corners
D:2:      layout_loops_ring, uniq_jessica
D:3:      layout_basic, minmay_starry_boxes
D:4:      layout_loops_ring
D:5:      layout_basic, minmay_temple_entry_statues_pillars,
          ebering_ghost_sewer_f, kennysheep_generic_room_12, uniq_menkaure

Skill      XL: |  1  2  3  4  5  6  7 |
---------------+----------------------+-----
Fighting       | 3 4 5 |  5.0
Stealth        | 5 6 |  6.0
Ranged Weapons | 5 6 |  6.4
Dodging        | |  2.0

Action                     |  1- 3 |  4- 6 |  7- 9 || total
---------------------------+-------+-------+-------++-------
   Fire: Shortbow          |    81 |   209 |    56 ||   346
    Use: Potion            |       |     3 |     2 ||     5
 Armour: Skin              |     4 |    35 |    16 ||    55
  Dodge: Dodged            |    22 |    86 |    80 ||   188

Table legend: (Time is in decaauts)
 A = Elapsed time spent in this place.
 B = Non-inter-level travel time spent in this place.
 C = Inter-level travel time spent in this place.
 D = Time resting spent in this place.
 E = Time spent auto-exploring this place.
 F = Levels seen in this place.
 G = Mean time per level.
                   A        B        C        D        E       F      G
               +--------+--------+--------+--------+--------+-----+--------+
         Total |   3955 |   3844 |    111 |    681 |   2609 |   5 |  791.0 |
       Dungeon |   3955 |   3844 |    111 |    681 |   2609 |   5 |  791.0 |
               +--------+--------+--------+--------+--------+-----+--------+

Top non-repeatable levels by time:
     D:4: 1410 daAuts
     D:1: 903 daAuts
     D:2: 864 daAuts
     D:3: 685 daAuts
     D:5: 91 daAuts
